 Dungeon Crawl Stone Soup version 0.18.1-48-g4cf74bf (webtiles) character file.

77 MaCx the Magician (level 4, -5/24 HPs)
             Began as a Gargoyle Wizard on Sept 2, 2016.
             Slain by Grinder (8 damage)
             ... on level 3 of the Dungeon.
             The game lasted 00:19:01 (4349 turns).

MaCx the Magician (Gargoyle Wizard)                 Turns: 4349, Time: 00:19:01

Health: -5/24      AC:  6    Str: 14    XL:     4   Next: 33%
Magic:  1/10       EV: 11    Int: 22    God:
Gold:   122        SH:  0    Dex:  8    Spells: 4 memorised, 2 levels left

rFire  . . .     SeeInvis .     p - -1 short sword (curse)
rCold  . . .     Gourm    .     a - +0 robe
rNeg   + . .     Faith    .     (no shield)
rPois  ∞         Spirit   .     b - +1 hat
rElec  +         Dismiss  .     (no cloak)
rCorr  .         Reflect  .     (no gloves)
SustAt .         Harm     .     (no boots)
MR     .....                    (no amulet)
Stlth  ++........               q - +3 ring of intelligence
                                n - +3 ring of strength

@: not resistant to hostile enchantments, unstealthy
A: negative energy resistance 1, electricity resistance, unbreathing,
petrification resistance, rot immunity, AC +3
a: no special abilities


You were on level 3 of the Dungeon.
You were not hungry.

You visited 1 branch of the dungeon, and saw 3 of its levels.

You collected 122 gold pieces.

Inventory:

Hand Weapons
 i - a +0 whip
 j - a +0 club
 p - a cursed -1 short sword (weapon)
Missiles
 e - 63 stones (quivered)
 r - 2 throwing nets
Armour
 a - a +0 robe (worn)
 b - a +1 hat (worn)
Jewellery
 n - a +3 ring of strength (left hand)
 q - a +3 ring of intelligence (right hand)
Scrolls
 h - 2 scrolls of identify
 k - a scroll of enchant armour
 m - a scroll of teleportation
 s - a scroll of blinking {unknown}
Potions
 g - a potion of curing {unknown}
 l - a potion of degeneration {unknown}
Books
 c - a book of Minor Magic

   Spells                             Type                      Level
   a - Magic Dart                     Conjuration                  1
   b - Blink                          Translocation                2
   c - Call Imp                       Summoning                    2
   d - Repel Missiles                 Charms/Air                   2
   e - Slow                           Hexes                        2
   f - Conjure Flame                  Conjuration/Fire             3
   g - Mephitic Cloud                 Conjuration/Poison/Air       3
Miscellaneous
 o - a plain deck of summoning
Comestibles
 d - 4 bread rations
 f - a meat ration
 t - 2 chunks of flesh


   Skills:
 - Level 1.5 Dodging
 - Level 2.1 Stealth
 + Level 4.0 Spellcasting
 + Level 2.9 Conjurations
   Level 0.8 Summonings
   Level 0.8 Translocations


You had 2 spell levels left.
You knew the following spells:

 Your Spells              Type           Power        Failure   Level  Hunger
a - Magic Dart            Conj           ###.         3%          1    None
b - Mephitic Cloud        Conj/Pois/Air  #.......     21%         3    ###....
c - Conjure Flame         Conj/Fire      ##......     17%         3    ###....
d - Repel Missiles        Chrm/Air       #.....       17%         2    #......


Dungeon Overview and Level Annotations

Branches:
Dungeon (3/15)

Altars:
Elyvilon
Nemelex Xobeh
Qazlal
Ru
Zin

Annotations:
D:3 Gargoyl's ghost, amateur DsAK; Grinder


Innate Abilities, Weirdness & Mutations

You are resistant to torment.
Your stone body is resilient (AC +3).
You are immune to poison.
You resist negative energy.
You are resistant to electric shocks.
You can survive without breathing.
You are immune to petrification.
You are immune to rotting.


Message History

Pain shoots through your body!
You hit Grinder but do no damage.
Grinder is lightly wounded.
Grinder barely misses you. Grinder hits you but does no damage.
You hit Grinder.
Grinder is lightly wounded.
Grinder gestures at you. Pain shoots through your body!
You hit Grinder but do no damage.
Grinder is lightly wounded.
Grinder hits you.
* * * LOW HITPOINT WARNING * * *
You closely miss Grinder.
Grinder is lightly wounded.
Grinder hits you.
* * * LOW HITPOINT WARNING * * *
You barely miss Grinder.
Grinder is lightly wounded.
Grinder hits you!
You die...

###################
....†...)..........
######...5...#####
#.##..#.#
(........#.#
###.###.##.# #.
#.##5# #. #.##@# #
#. #.##.######.####
#(..............
#######
####.###.###†##
......# #.....# .#
#####.# #####.###.#
#####.# #(..(>###.
....#.# ##........
###.#.# #..#.###..#


You could see Grinder.

Vanquished Creatures
  2 adders (D:2)
  A worm (D:2)
  2 dart slugs
  7 bats
  4 giant cockroaches
  6 goblins
  6 hobgoblins
  6 jackals
  8 kobolds
  A quokka (D:2)
  A giant newt (D:3)
  2 rats
46 creatures vanquished.

Notes
Turn   | Place    | Note
--------------------------------------------------------------
     0 | D:1      | MaCx the Gargoyle Wizard began the quest for the Orb.
     0 | D:1      | Reached XP level 1. HP: 10/10 MP: 4/4
   515 | D:1      | Reached XP level 2. HP: 14/15 MP: 0/6
  1601 | D:2      | Found a white marble altar of Elyvilon.
  1604 | D:2      | Found a glowing silver altar of Zin.
  1607 | D:2      | Found a stormy altar of Qazlal.
  1684 | D:2      | Found a sparkling altar of Nemelex Xobeh.
  1704 | D:2      | Reached XP level 3. HP: 19/19 MP: 2/8
  1760 | D:2      | Learned a level 3 spell: Mephitic Cloud
  1764 | D:2      | Learned a level 3 spell: Conjure Flame
  1767 | D:2      | Learned a level 2 spell: Repel Missiles
  2494 | D:2      | Found a sacrificial altar of Ru.
  3565 | D:2      | Reached XP level 4. HP: 24/24 MP: 3/9
  3758 | D:3      | Noticed Gargoyl's ghost (amateur DsAK)
  3971 | D:3      | Reached skill level 4 in Spellcasting
  4175 | D:3      | Found a faded altar to an unknown god.
  4327 | D:3      | Noticed Grinder
  4349 | D:3      | Slain by Grinder

Skill      XL: |  1  2  3  4 |
---------------+-------------+-----
Conjurations   | 2 |  2.9
Spellcasting   | 4 |  4.0
Dodging        | |  1.5
Stealth        | |  2.1
Summonings     | |  0.8
Translocations | |  0.8

Action                   |  1- 3 |  4- 6 || total
-------------------------+-------+-------++-------
Melee: Club              |    23 |       ||    23
       Short sword       |    19 |     9 ||    28
Throw: Stone             |     4 |       ||     4
 Cast: Magic Dart        |   102 |    34 ||   136
       Mephitic Cloud    |     1 |       ||     1
  Use: Scroll            |     7 |     1 ||     8
  Eat: Chunk             |     5 |     1 ||     6
       Meat ration       |     1 |       ||     1
Armor: Robe              |    42 |     3 ||    45
Dodge: Dodged            |    72 |     2 ||    74
